Map: Chain of Ascension

Players

monk

  • Race: Zerg Zerg

sniper

  • Race: Terran Terran
  • Spawn Location: 11:00

VOD

Have the link to the VOD?

Description

Time

  • Played on: July 28, 2017, 5:38 p.m.
  • Length: 20:37
Show
View Real Time Build Order
Export as new Build Order

monk Zerg 

Build Orders:  

Get SALT Encoding   

  12  0:03  Infested SCV  
  13  0:13  Infested SCV  
  13  0:19  Infested SCV  
  15  0:30  Overlord  
  15  0:43  Infested Refinery  
  15  0:52  Infested Colonist Compound  
  15  0:56  Infested SCV x2  
  17  1:07  Infested SCV  
  18  1:16  Infested Barracks  
  18  1:24  Infested Refinery  
  18  1:25  Infested SCV  
  19  1:37  Infested SCV  
  20  1:55  Overlord  
  20  2:00  Infested Colonist Compound  
  20  2:10  Infested SCV  
  20  2:12  Infested Colonist Compound  
  20  2:17  Anaerobic Enhancement  
  21  2:29  Infested Bunker  
  25  2:32  Infested SCV  
  26  2:46  Infested SCV  
  27  3:25  Infested Barracks, Infestation Level 1  
  27  3:49  Infested SCV x2  
  29  4:05  Infested Bunker  
  29  4:13  Infested Command Center  
  29  4:15  Overlord  
  29  4:25  Infested SCV x2  
  31  4:45  Infested SCV x2  
  33  4:50  Infested Engineering Bay  
  33  5:06  Overlord  
  33  5:10  Infested Bunker  
  33  5:18  Infested Factory  
  33  5:19  Infested SCV  
  34  5:28  Infested SCV  
  35  5:31  Stukov Infantry Weapons Level 1  
  35  5:41  Broodling Gestation  
  35  5:47  Infested SCV  
  36  5:59  Infested SCV  
  37  6:09  Infested SCV x2  
  39  6:12  Infested SCV  
  40  6:20  Infested Bunker  
  40  6:40  Infested SCV  
  40  6:42  Infested SCV x2  
  43  6:53  Infested Bunker  
  43  6:54  Infested Engineering Bay  
  43  6:55  Infested SCV  
  43  6:56  Infested SCV x2  
  43  6:57  Infested SCV  
  47  7:11  Infestation Level 2  
  47  7:13  Infested SCV x3  
  47  7:18  Infested Barracks Tech Lab  
  50  7:57  Infested Bunker  
  50  7:59  Infested Armory  
  58  8:00  Regenerative Plating  
  58  8:01  Infested Bunker  
  58  8:05  Infested SCV x2  
  60  8:13  Plagued Munitions  
  60  8:48  Overlord  
  60  8:51  Overlord x2  
  60  9:02  Infested Bunker  
  60  9:14  Aggressive Incubation  
  60  9:15  Stukov Infantry Weapons Level 2  
  60  9:16  Calcified Armor  
  60  9:20  Infested Bunker  
  64  9:34  Infested Bunker  
  64  9:39  Infested Bunker  
  72  9:43  Retinal Augmentation  
  72  9:56  Infestation Level 3  
  72  10:16  Infested Bunker  
  72  10:18  Infested Bunker x2  
  72  10:51  Infested Bunker x2  
  72  10:57  Infested Bunker  
  80  11:01  Overlord  
  80  11:04  Infested Bunker  
  80  11:05  Infested Bunker  
  80  11:07  Infested Bunker  
  82  11:43  Overlord  
  82  11:48  Stukov Infantry Armor Level 1, Infested Bunker  
  90  11:51  Infested Bunker  
  90  12:06  Infested Starport  
  90  12:29  Overlord x2  
  98  12:37  Infested Bunker x2  
  98  12:45  Infested Bunker  
  102  13:04  Infested Bunker  
  106  13:21  Overseer x2  
  106  13:24  Pneumatized Carapace  
  106  13:38  Stukov Infantry Weapons Level 3  
  102  13:43  Infested Bunker  
  102  13:49  Infested Bunker  
  102  13:55  Overlord  
  102  13:59  Infested Bunker  
  114  14:01  Infested Bunker  
  110  14:23  Infested Colonist Compound  
  110  14:24  Infested Bunker  
  110  14:27  Infested Bunker  
  110  14:31  Infested Bunker  
  110  14:45  Overlord  
  122  14:50  Infested Bunker  
  122  14:54  Infested Bunker  
  118  15:03  Stukov Vehicle and Ship Weapons Level 1  
  118  15:04  Stukov Infantry Armor Level 2  
  118  15:34  Infested Bunker x2  
  118  15:36  Infested Bunker  
  118  15:38  Infested Bunker  
  130  15:57  Overlord  
  134  16:09  Infested Bunker  
  130  16:34  Infested Bunker  
  130  16:39  Infested Bunker  
  138  16:44  Infested Bunker  
  138  17:03  Infested SCV x2  
  138  17:05  Overlord x3  
  138  17:06  Overlord x2  
  138  17:08  Overseer  
  136  18:06  Infested Bunker  
  144  18:10  Infested Bunker  
  144  18:17  Infested Bunker  
  144  18:18  Infested SCV x2  
  146  18:21  Infested Bunker  
  150  18:33  Infested Bunker x2  
  150  18:46  Infested Bunker  
  137  19:32  Infested Bunker  
  137  19:33  Infested Marine  
  137  19:34  Infested Marine x18  
Show
View Real Time Build Order
Export as new Build Order

sniper Terran 

Build Orders:  

Get SALT Encoding   

  12  3:23  SCV  
  13  3:40  SCV  
  14  3:57  SCV  
  14  4:14  SCV  
  15  11:39  SCV  
  13  16:19  SCV  
  13  16:36  SCV  
  14  16:53  SCV  
Tags
 
Add a new tag
Caveats
  • Supply blocks, unpowered buildings, or Contaminate may cause inaccurate times.
  • Supply counts are checked every 10 seconds.